 Dungeon Crawl Stone Soup version 0.28.0-43-g3370ac3207 (webtiles) character file.

Game seed: 14363420013415070770

91 silky the Chopper (level 4, 0/41 HPs)
             Began as a Minotaur Chaos Knight on Mar 30, 2022.
             Was a Plaything of Xom.
             Slain by a gnoll
             ... wielding a +0 whip
              (4 damage)
             ... on level 2 of the Dungeon.
             The game lasted 00:03:58 (1223 turns).

silky the Chopper (Minotaur Chaos Knight)           Turns: 1223, Time: 00:03:59

Health: 0/41       AC:  5    Str: 16    XL:     4   Next: 34%
Magic:  3/3        EV: 11    Int: 11    God:    Xom [......]
Gold:   97         SH:  0    Dex: 10    Spells: 3/3 levels left

rFire   . . .      SeeInvis .   a - +0 hand axe (chaos)
rCold   . . .      Faith    .   (no shield)
rNeg    . . .      Spirit   .   b - +2 leather armour
rPois   .          Reflect  .   (helmet restricted)
rElec   .          Harm     .   (no cloak)
rCorr   .          Rampage  .   (no gloves)
Will    .....                   (no boots)
Stlth   +.........              (no amulet)
HPRegen 0.13/turn               (no ring)
MPRegen 0.08/turn               (no ring)

@: mighty
A: horns 2, retaliatory headbutt
a: Renounce Religion


You were on level 2 of the Dungeon.
You worshipped Xom.
You were a very special plaything of Xom.
You visited 1 branch of the dungeon, and saw 2 of its levels.

You collected 97 gold pieces.

Inventory:

Hand Weapons
 a - a +0 hand axe of chaos (weapon)
Armour
 b - a +2 leather armour (worn)
Scrolls
 d - a scroll of fear {unknown}
 e - 2 scrolls of blinking {unknown}
 f - 2 scrolls of identify {unknown}
 g - a scroll of brand weapon {unknown}
 i - a scroll of amnesia {unknown}
 j - a scroll of teleportation {unknown}
 k - 2 scrolls of immolation {unknown}
Potions
 h - a potion of ambrosia {unknown}


   Skills:
 + Level 4.9 Fighting
 + Level 4.9 Axes
 + Level 2.9 Armour
 + Level 1.4 Dodging


You had 3 spell levels left.
You didn't know any spells.
Your spell library contained the following spells:

 Spells                   Type           Power      Damage    Failure   Level
 Summon Small Mammal      Summ           0%         N/A       38%         1
 Static Discharge         Conj/Air       0%         N/A       54%         2
 Lightning Bolt           Conj/Air       0%         1d11      100%        5
 Maxwell's Capacitive Co  Air            0%         ∞         100%        8


Dungeon Overview and Level Annotations

Branches:
Dungeon (2/15)

Altars:


Innate Abilities, Weirdness & Mutations

You have a pair of horns on your head.
You reflexively headbutt those who attack you in melee.


Message History

The gnoll is severely wounded.
The gnoll hits you with a +3 vorpal flail!
You hit the gnoll.
You kill the gnoll!
The gnoll barely misses you.
You see here a +3 vorpal flail.
You hit the gnoll.
The gnoll resists with some effort.
The gnoll is moderately wounded.
The gnoll hits you with a +0 whip!
* * * LOW HITPOINT WARNING * * *
You barely miss the gnoll.
The gnoll is moderately wounded.
You barely miss the gnoll. Your headbutt misses the gnoll. You hit the gnoll.
The gnoll suddenly seems more agile.
Your headbutt misses the gnoll.
The gnoll is lightly wounded.
The gnoll closely misses you.
You barely miss the gnoll.
The gnoll is lightly wounded.
The gnoll hits you with a +0 flail.
* * * LOW HITPOINT WARNING * * *
You hit the gnoll. You freeze the gnoll.
The gnoll is heavily wounded.
The gnoll barely misses you.
You barely miss the gnoll. Your headbutt misses the gnoll.
The gnoll is heavily wounded.
The gnoll barely misses you. You furiously retaliate!
You headbutt the gnoll. You hit the gnoll but do no damage.
The gnoll goes berserk!
The gnoll is heavily wounded.
The gnoll hits you with a +0 flail.
* * * LOW HITPOINT WARNING * * *
The gnoll barely misses you.
You slash the gnoll!
The gnoll is moving more slowly.
You headbutt the gnoll.
You kill the gnoll!
It was a potion of might.
You feel very mighty all of a sudden.
Xom roars with laughter!
The gnoll hits you with a +0 whip.
You die... "This toy is broken."

...# #.......#
#..# #.......# #.#
...# #.......# #.#
#.## ##.###### #.#
#†# #.# #.#
#.#####.# #.#
#.......# #.#
######### #g# #@#
#.# #.# #.#
####### #.#
......##########.#
#####............#
##############


You could see a gnoll.

Vanquished Creatures
  A bullfrog skeleton (D:2)
  2 gnolls (D:2)
  A worm (D:2)
  2 dart slugs (D:1)
  5 ball pythons
  2 endoplasms
  A giant cockroach (D:1)
  2 hobgoblins
  2 jackals (D:2)
  2 kobolds (D:1)
  A quokka (D:1)
  2 bats
  4 goblins (D:1)
  10 rats
37 creatures vanquished.

Vanquished Creatures (others)
  2 plants (D:2)
2 creatures vanquished.

Grand Total: 39 creatures vanquished

Notes
Turn   | Place    | Note
-------+----------+-------------------------------------------
     0 | D:1      | silky the Minotaur Chaos Knight began the quest for the
                  | Orb.
     0 | D:1      | Reached XP level 1. HP: 19/19 MP: 0/0
   123 | D:1      | Reached XP level 2. HP: 27/27 MP: 1/1
   147 | D:1      | XOM: divination: detect items
   205 | D:1      | XOM: divination: detect creatures
   248 | D:1      | XOM: divination: magic mapping
   361 | D:1      | XOM: noise
   543 | D:1      | XOM: polymorph dart slug -> quokka
   761 | D:2      | Reached XP level 3. HP: 23/33 MP: 2/2
  1000 | D:2      | XOM: 1-stop teleportation journey
  1035 | D:2      | Found a faded altar of an unknown god.
  1048 | D:2      | Got Plato's Disquisition on Creation
  1108 | D:2      | Reached XP level 4. HP: 41/41 MP: 3/3
  1223 | D:2      | Slain by a gnoll

Illustrated notes

Levels and vault maps discovered:
D:1:      dpeg_arrival_tiny_e, layout_basic, st_stairs_14
D:2:      layout_loops_ring, shapermc_ecumenical_altar_rom_forum

Skill      XL: |  1  2 |
---------------+-------+-----
Fighting       | 4 |  4.9
Axes           | 4 |  4.9
Armour         | |  2.9
Dodging        | |  1.4

Action                   |  1- 3 |  4- 6 || total
-------------------------+-------+-------++-------
Melee: Hand axe          |    62 |    18 ||    80
       Headbutt          |     6 |     2 ||     8
       Punch             |     1 |     1 ||     2
  Use: Potion            |       |     1 ||     1
Armor: Leather armour    |    24 |     3 ||    27
Dodge: Dodged            |    47 |    10 ||    57
